 Dungeon Crawl Stone Soup version 0.31-a0-1300-gb6740aa4e6 (webtiles) character file.

Game seed: 6767902273336742775

75 pascalblue the Chiller (level 4, -4/24 HPs)
             Began as a Deep Elf Ice Elementalist on Dec 18, 2023.
             Slain by Pargi (6 damage)
             ... on level 3 of the Dungeon.
             The game lasted 00:08:01 (2373 turns).

pascalblue the Chiller (Deep Elf Ice Elementalist)  Turns: 2373, Time: 00:08:01

Health: -4/24      AC:  2    Str:  5    XL:     4   Next: 11%
Magic:  11/12      EV: 13    Int: 22    God:
Gold:   101        SH:  0    Dex: 15    Spells: 10/11 levels left

rFire   . . .        c - +0 short sword
rCold   + . .        (no shield)
rNeg    . . .        a - +0 robe
rPois   .            (no helmet)
rElec   .            (no cloak)
rCorr   .            (no gloves)
SInv    .            (no boots)
Will    .....        (no amulet)
Stlth   +            g - ring of protection from cold
HPRegen 0.24/turn    (no ring)
MPRegen 0.13/turn

%: no passive effects
@: very slow
A: no striking features
a: no special abilities


You were on level 3 of the Dungeon.
You visited 1 branch of the dungeon, and saw 3 of its levels.
You also visited: Sewer.

You collected 101 gold pieces.

Inventory:

Hand Weapons
 c - a +0 short sword (weapon)
Armour
 a - a +0 robe (worn)
Jewellery
 g - a ring of protection from cold (left hand)
 o - a ring of see invisible
Scrolls
 l - a scroll of identify
 n - a scroll of acquirement {unknown}
 q - a scroll of enchant weapon {unknown}
 r - a scroll of blinking {unknown}
Potions
 b - a potion of magic
 d - 2 potions of might {unknown}
 e - a potion of invisibility {unknown}
 f - a potion of lignification {unknown}
 h - 2 potions of curing
 j - 2 potions of heal wounds {unknown}
 k - a potion of ambrosia {unknown}
 m - a potion of mutation {unknown}
 p - a potion of cancellation {unknown}


   Skills:
 + Level 3.4 Dodging
 + Level 3.5 Stealth
 + Level 4.0 Spellcasting
 + Level 4.9 Ice Magic


You had 10 spell levels left.
You knew the following spells:

 Your Spells              Type           Power      Damage    Failure   Level
a - Freeze                Ice            100%       1d10      1%          1

Your spell library contained the following spells:

 Spells                   Type           Power      Damage    Failure   Level
 Frozen Ramparts          Ice            50%        1d8       4%          3
 Ozocubu's Armour         Ice            25%        N/A       4%          3
 Summon Small Mammal      Summ           16%        N/A       11%         1
 Call Canine Familiar     Summ           4%         N/A       32%         3
 Summon Guardian Golem    Hex/Summ       4%         N/A       32%         3
 Summon Ice Beast         Ice/Summ       15%        N/A       38%         4


Dungeon Overview and Level Annotations

Branches:
Dungeon (3/15)              Sewer (visited)

Altars:
Wu Jian

Shops:
D:2 *

Annotations:
D:3 Pargi


Message History

The ball python constricts you.
You escape the ball python's grasp.
The ball python attacks as it pursues you!
The ball python barely misses you. The ball python grabs you.
The ball python constricts you.
There is a gate leading back out of this place here.
The ball python's grasp on you weakens, but your attempt to escape fails.
The ball python barely misses you. The ball python constricts you.
You escape the ball python's grasp.
The ball python bites you but does no damage.
The ball python grabs you.
You stop descending the stairs.
The ball python constricts you.
Casting: Freeze (safe; 1% risk of failure)
Confirm with . or Enter, or press ? or * to list all spells.
Aiming: Freeze (safe; 1% risk of failure)
Press: ? - help, Shift-Dir - straight line, f - ball python
Aim: a ball python (constricting you)
You freeze the ball python!
You kill the ball python!
Pargi closely misses you. Pargi claws you. Pargi closely misses you.
Pargi bites you but does no damage. Pargi barely misses you. x2
Welcome back to the Dungeon!
There is a collapsed entrance here.
You enter the shallow water.
Moving in this stuff is going to be slow.
Pargi attacks as he pursues you! Pargi barely misses you. Pargi claws you.
Pargi claws you but does no damage. Pargi attacks as he pursues you!
Pargi bites you.
* * * LOW HITPOINT WARNING * * *
Pargi claws you.
* * * LOW HITPOINT WARNING * * *
Pargi claws you.
* * * LOW HITPOINT WARNING * * *
Pargi bites you.
* * * LOW HITPOINT WARNING * * *
Pargi barely misses you. Pargi claws you but does no damage.
As you read the scroll labelled YCIODAAQYAS, it crumbles to dust.
You feel a surge of unholy energy.
Pargi convulses!
It was a scroll of torment.
Pargi bites you.
You die...

..##.###.##### #.# #....#
#.##.........# ######'## ####.#
..##.##...##.# #...#...## #.#
..#..#.....#.# #~#......## #.#
###.####.....# #~#.......##
##.. #.#
#.....###~#........####... #.#
#.......#~#........'...... #.#
#.....###~#...########...#
########)....# #@#...# #...#
.......).###.# #T##..# #...#
########.# #.# #.###># #...#
#.# #.# #.# #~# #...# #.# #.#
#.# ##############...# #.#
#.###.# #.........#...#
#.####.....######.#########...#
#.#.##.##.##.......# #...#
#...##.##.##.####..# #...#


You could see Pargi.

Vanquished Creatures
  2 adders
  A dart slug (D:1)
  5 orcs (D:3)
  6 ball pythons
  3 endoplasms
  A giant cockroach (D:1)
  3 goblins (D:1)
  4 hobgoblins
  11 jackals (D:1)
  2 quokkas
  5 frilled lizards
  2 rats
45 creatures vanquished.

Notes
Turn   | Place    | Note
-------+----------+-------------------------------------------
     0 | D:1      | pascalblue the Deep Elf Ice Elementalist began the quest
                  | for the Orb.
     0 | D:1      | Reached XP level 1. HP: 10/10 MP: 6/6
   224 | D:1      | Reached XP level 2. HP: 13/15 MP: 4/8
   813 | D:1      | Found a faded altar of an unknown god.
   855 | D:1      | Reached XP level 3. HP: 19/19 MP: 7/10
  1366 | D:2      | Found an ornate altar of the Wu Jian Council.
  1383 | D:2      | Found Ucak Xie's General Store.
  2166 | D:3      | Found a glowing drain.
  2171 | D:3      | Reached XP level 4. HP: 19/24 MP: 7/11
  2178 | Sewer    | Entered a sewer
  2240 | Sewer    | Noticed a brain worm
  2348 | Sewer    | Noticed Pargi
  2372 | D:3      | HP: 1/24 [Pargi (1)]
  2373 | D:3      | Slain by Pargi

Illustrated notes

Levels and vault maps discovered:
D:1:      dpeg_arrival_round_a, layout_basic,
          shapermc_ecumenical_altar_totnotflames, minmay_door_square
D:2:      layout_rooms, serial_shops, shop, basic_altar
D:3:      layout_loops_corners, serial_co_window_serial, co_window_cross_1,
          co_window_paths_a, co_window_corner_a, co_window_corner_a,
          co_window_paths_a, co_window_paths_a, co_window_corner_a,
          co_window_corner_cb, co_window_of_opportunity_b, co_window_broadway_a,
          co_window_broadway_c, co_window_2corner, co_window_broadway_c,
          co_window_sun, glass_columns_a, glass_columns_c, glass_columns_a,
          glass_columns_a, portal_sewer_entry_d

Skill      XL: |  1  2  3  4 |
---------------+-------------+-----
Stealth        | 3 |  3.5
Dodging        | 3 |  3.4
Spellcasting   | 4 |  4.0
Ice Magic      | |  4.9

Action                     |  1- 3 |  4- 6 || total
---------------------------+-------+-------++-------
  Melee: Short sword       |    17 |     1 ||    18
   Cast: Freeze            |    61 |    12 ||    73
    Use: Scroll            |     4 |     2 ||     6
 Armour: Robe              |    29 |    21 ||    50
  Dodge: Dodged            |    40 |    42 ||    82

Table legend: (Time is in decaauts)
 A = Elapsed time spent in this place.
 B = Non-inter-level travel time spent in this place.
 C = Inter-level travel time spent in this place.
 D = Time resting spent in this place.
 E = Time spent auto-exploring this place.
 F = Levels seen in this place.
 G = Mean time per level.
                   A        B        C        D        E       F      G
               +--------+--------+--------+--------+--------+-----+--------+
         Total |   2403 |   2351 |     52 |     55 |   1623 |   4 |  600.8 |
       Dungeon |   2184 |   2132 |     52 |      0 |   1574 |   3 |  728.0 |
         Sewer |    219 |    219 |      0 |     55 |     49 |   1 |  219.0 |
               +--------+--------+--------+--------+--------+-----+--------+

Top non-repeatable levels by time:
     D:1: 1241 daAuts
     D:3: 528 daAuts
     D:2: 414 daAuts
   Sewer: 219 daAuts
